 Dungeon Crawl Stone Soup version 0.25.1-8-g42b30a86e7 (webtiles) character file.

Game seed: 15597602990129992697

72 Abzac the Conjurer (level 4, -2/24 HPs)
             Began as a Deep Elf Conjurer on Dec 17, 2020.
             Was an Initiate of Sif Muna.
             Slain by a bullfrog (8 damage)
             ... on level 3 of the Dungeon.
             The game lasted 00:05:34 (2239 turns).

Abzac the Conjurer (Deep Elf Conjurer)              Turns: 2239, Time: 00:05:35

Health: -2/24      AC:  2    Str:  6    XL:     4   Next: 7%
Magic:  3/11       EV: 13    Int: 20    God:    Sif Muna [......]
Gold:   104        SH:  0    Dex: 15    Spells: 6/10 levels left

rFire    . . .     SeeInvis .   (no weapon)
rCold    . . .     Gourm    .   (no shield)
rNeg     . . .     Faith    .   a - +0 robe
rPois    .         Spirit   .   (no helmet)
rElec    .         Reflect  .   (no cloak)
rCorr    .         Harm     .   (no gloves)
MR       .....                  (no boots)
Stlth    ++........             (no amulet)
HPRegen  0.08/turn              (no ring)
MPRegen  0.12/turn              (no ring)

@: no status effects
A: no striking features
a: Renounce Religion


You were on level 3 of the Dungeon.
You worshipped Sif Muna.
Sif Muna was noncommittal.
You were hungry.

You visited 1 branch of the dungeon, and saw 3 of its levels.

You collected 104 gold pieces.

Inventory:

Armour
 a - a +0 robe (worn)
Jewellery
 e - a cursed amulet of inaccuracy {unknown}
Scrolls
 b - a scroll of enchant armour {unknown}
 d - a scroll of blinking {unknown}
 i - a scroll of amnesia {unknown}
 j - a scroll of remove curse {unknown}
 k - a scroll of identify {unknown}
 m - a scroll of random uselessness {unknown}
Potions
 f - a potion of ambrosia {unknown}
 g - a potion of brilliance {unknown}
 h - a potion of heal wounds {unknown}
Comestibles
 c - 2 rations


   Skills:
 - Level 2.5 Dodging
 - Level 2.4 Stealth
 + Level 3.9 Spellcasting
 * Level 5.7 Conjurations
 + Level 0.6 Hexes


You had 6 spell levels left.
You knew the following spells:

 Your Spells              Type           Power        Failure   Level  Hunger
a - Magic Dart            Conj           ####         1%          1    None
b - Dazzling Flash        Conj/Hex       ###...       11%         3    ###....

Your spell library contained the following spells:

 Spells                   Type           Power        Failure   Level  Hunger
 Searing Ray              Conj           ####..       1%          2    ##.....
 Fulminant Prism          Conj/Hex       ###.......   34%         4    ####...
 Iskenderun's Mystic Bla  Conj/Tloc      ###.....     36%         4    ####...


Dungeon Overview and Level Annotations

Branches:
Dungeon (3/15)

Altars:
Dithmenos
Fedhas
Makhleb
Nemelex Xobeh
Qazlal
Sif Muna
Trog


Message History

Casting: Dazzling Flash (quite dangerous; 11% risk of failure)
Confirm with . or Enter, or press ? or * to list all spells.
Aiming: Magic Dart (safe; 1% risk of failure)
Press: ? - help, Shift-Dir - straight line, f/p - bullfrog
Aim: a bullfrog (moderately wounded)
The magic dart hits the bullfrog.
The bullfrog is moderately wounded.
The bullfrog barely misses you. The bullfrog hits you! The bullfrog hits you.
Casting: Magic Dart (safe; 1% risk of failure)
Confirm with . or Enter, or press ? or * to list all spells.
Aiming: Magic Dart (safe; 1% risk of failure)
Press: ? - help, Shift-Dir - straight line, f/p - bullfrog
Aim: a bullfrog (moderately wounded)
The magic dart hits the bullfrog.
The bullfrog is heavily wounded.
The bullfrog hits you!
* * * LOW HITPOINT WARNING * * *
The bullfrog hits you!
You die...

..#
#######.#
......#.##
...F..'.$#
F.....#..#
#######..#
#...# #F..#
##@..#
#...##
##...#
#..#+#...##
#.......#
######.## #.
##.#
....#####
#..#
#....<###.##


You could see a bullfrog.

Vanquished Creatures
  2 adders (D:2)
  A shadow imp (D:2)
  3 dart slugs
  5 bats
  2 giant cockroaches (D:1)
  5 goblins
  3 hobgoblins
  3 jackals (D:1)
  2 ball pythons
  2 frilled lizards (D:1)
  6 kobolds
  8 rats
42 creatures vanquished.

Notes
Turn   | Place    | Note
-------+----------+-------------------------------------------
     0 | D:1      | Abzac the Deep Elf Conjurer began the quest for the Orb.
     0 | D:1      | Reached XP level 1. HP: 10/10 MP: 6/6
   337 | D:1      | Reached XP level 2. HP: 15/15 MP: 6/8
   518 | D:1      | Reached skill level 5 in Conjurations
  1150 | D:2      | Reached XP level 3. HP: 19/19 MP: 7/9
  1386 | D:2      | Found a blossoming altar of Fedhas.
  1387 | D:2      | Found a sparkling altar of Nemelex Xobeh.
  1392 | D:2      | Found a bloodstained altar of Trog.
  1401 | D:2      | Found a shadowy altar of Dithmenos.
  1540 | D:2      | Learned a level 3 spell: Dazzling Flash
  1681 | D:2      | Noticed a fire elemental
  1691 | D:2      | Found a stormy altar of Qazlal.
  1691 | D:2      | Noticed an air elemental
  1692 | D:2      | Noticed an earth elemental
  1692 | D:2      | Noticed a water elemental
  1774 | D:2      | Found a shimmering blue altar of Sif Muna.
  1807 | D:2      | Became a worshipper of Sif Muna the Loreminder
  1913 | D:2      | Found a burning altar of Makhleb.
  2174 | D:3      | Reached XP level 4. HP: 24/24 MP: 8/11
  2217 | D:3      | Noticed a bullfrog
  2239 | D:3      | Slain by a bullfrog

Illustrated notes

Levels and vault maps discovered:
D:1:      dpeg_chamrin_arrival_tetris, layout_loops_corners
D:2:      layout_loops_cross, makhleb_grotto_becter,
          nicolae_overflow_quartered_altars, led_sif_pool,
          nicolae_qazlal_style_of_elements
D:3:      layout_rooms, minmay_divided_ellipse

Skill      XL: |  1  2 |
---------------+-------+-----
Conjurations   | 5 |  5.7
Dodging        | |  2.5
Stealth        | |  2.4
Spellcasting   | |  3.9
Hexes          | |  0.6

Action                   |  1- 3 |  4- 6 || total
-------------------------+-------+-------++-------
 Cast: Magic Dart        |    71 |     9 ||    80
       Dazzling Flash    |     1 |     1 ||     2
  Eat: Chunk             |     3 |       ||     3
Armor: Robe              |     1 |       ||     1
Dodge: Dodged            |     4 |     3 ||     7
